TOP OF THE 1ST |
Santa Fe Diablos batting - Pitching for Wichita Wranglers : RHP Greg Reeves
|
Pitching: RHP Greg Reeves
|
|
Batting: LHB David Hernández
|
0-0: Called Strike 0-1: Ball 1-1: Ball 2-1: Foul Ball, location: 2F 2-2: Ball 3-2: Foul Ball, location: 2F 3-2: Foul Ball, location: 2F 3-2: DOUBLE (Groundball, 3L)
|
Batting: SHB Ángel Díaz
|
0-0: Called Strike 0-1: Foul Ball, location: 2F 0-2: Ball 1-2: Ball 2-2: Ball 3-2: SINGLE (Groundball, 6MD) David Hernández to third Runner from 3rd tries for Home, SAFE, no throw
|
Batting: RHB John Dinkins
|
0-0: Grounds into double play, 1-6-3 (Groundball, 13S)
|
Batting: RHB Mike Martin
|
0-0: SINGLE (Line Drive, 5D)
|
Batting: LHB Arturo Rodledo
|
0-0: Called Strike 0-1: Ball 1-1: Foul Ball, location: 2F 1-2: Strikes out swinging
|
Top of the 1st over - 1 run(s), 3 hit(s), 0 error(s), 1 left on base; Santa Fe 1 - Wichita 0 |
BOTTOM OF THE 1ST |
Wichita Wranglers batting - Pitching for Santa Fe Diablos : RHP Orlando Cruz
|
Pitching: RHP Orlando Cruz
|
|
Batting: RHB Gabriel Erwin
|
0-0: Foul Ball, location: 2F 0-1: Foul Ball, location: 2F 0-2: Foul Ball, location: 2F 0-2: Foul Ball, location: 2F 0-2: Ball 1-2: Ground out 5-3 (Groundball, 5)
|
Batting: RHB José López
|
0-0: Fly out, F6 (Popup, 56D)
|
Batting: RHB Hubert MacDonald
|
0-0: Ball 1-0: Called Strike 1-1: Ball 2-1: Swinging Strike 2-2: Foul Ball, location: 2F 2-2: Strikes out looking
|
Bottom of the 1st over - 0 run(s), 0 hit(s), 0 error(s), 0 left on base; Santa Fe 1 - Wichita 0 |
TOP OF THE 2ND |
Santa Fe Diablos batting - Pitching for Wichita Wranglers : RHP Greg Reeves
|
Batting: LHB Juan Torres
|
0-0: DOUBLE (Flyball, 9LD)
|
Batting: RHB Frank Martínez
|
0-0: Fly out, F8 (Line Drive, 8RM)
|
Batting: LHB Javier Martínez
|
0-0: Ball 1-0: Fly out, F6 (Flyball, 56D)
|
Batting: RHB Keith Jones
|
0-0: Ball 1-0: Ball 2-0: Called Strike 2-1: Reached on error, E8 (Flyball, 8RM) Juan Torres scores
|
Batting: LHB David Hernández
|
0-0: Fly out, F7 (Flyball, 7LSF)
|
Top of the 2nd over - 1 run(s), 1 hit(s), 1 error(s), 1 left on base; Santa Fe 2 - Wichita 0 |
BOTTOM OF THE 2ND |
Wichita Wranglers batting - Pitching for Santa Fe Diablos : RHP Orlando Cruz
|
Batting: RHB Félix Gonzáles
|
0-0: Called Strike 0-1: Foul Ball, location: 2F 0-2: SOLO HOME RUN (Flyball, 78XD), Distance : 391 ft
|
Batting: RHB Oliver Todd
|
0-0: Swinging Strike 0-1: Ball 1-1: Ball 2-1: Foul Ball, location: 2F 2-2: Ball 3-2: Fly out, F9 (Flyball, 9D)
|
Batting: RHB Travis Ezell
|
0-0: Swinging Strike 0-1: Swinging Strike 0-2: Foul Ball, location: 2F 0-2: Ball 1-2: Ball 2-2: Foul Ball, location: 2F 2-2: Foul Ball, location: 2F 2-2: Ground out U3 (Groundball, 34S)
|
Batting: LHB Al Miller
|
0-0: Foul Ball, location: 2F 0-1: Ball 1-1: Called Strike 1-2: Ball 2-2: Ball 3-2: Ground out 4-3 (Groundball, 4)
|
Bottom of the 2nd over - 1 run(s), 1 hit(s), 0 error(s), 0 left on base; Santa Fe 2 - Wichita 1 |
TOP OF THE 3RD |
Santa Fe Diablos batting - Pitching for Wichita Wranglers : RHP Greg Reeves
|
Batting: SHB Ángel Díaz
|
0-0: Called Strike 0-1: Foul Ball, location: 2F 0-2: Ground out 3-1 (Groundball, 34)
|
Batting: RHB John Dinkins
|
0-0: Called Strike 0-1: Foul Ball, location: 2F 0-2: Ball 1-2: Foul Ball, location: 2F 1-2: Ball 2-2: Ball 3-2: Base on Balls
|
Batting: RHB Mike Martin
|
0-0: Ball 1-0: Ball 2-0: Foul Ball, location: 2F 2-1: Foul Ball, location: 2F 2-2: Fielders Choice at 2nd, 5-4 (Groundball, 5L)
|
Batting: LHB Arturo Rodledo
|
0-0: Ball 1-0: Ball 2-0: SINGLE (Groundball, 4MD) Mike Martin to second Runner from 2nd tries for 3rd, OUT!
|
Top of the 3rd over - 0 run(s), 1 hit(s), 0 error(s), 1 left on base; Santa Fe 2 - Wichita 1 |
BOTTOM OF THE 3RD |
Wichita Wranglers batting - Pitching for Santa Fe Diablos : RHP Orlando Cruz
|
Batting: RHB Jorge Barbosa
|
0-0: Called Strike 0-1: Ball 1-1: Fly out, F7 (Line Drive, 7S)
|
Batting: LHB Richard Hinkle
|
0-0: Ball 1-0: SINGLE (Groundball, 56S) (infield hit)
|
Batting: RHB Gabriel Erwin
|
Pickoff Throw to First - Out! 0-0: Ball 1-0: Ground out 5-3 (Groundball, 5D)
|
Bottom of the 3rd over - 0 run(s), 1 hit(s), 0 error(s), 0 left on base; Santa Fe 2 - Wichita 1 |
TOP OF THE 4TH |
Santa Fe Diablos batting - Pitching for Wichita Wranglers : RHP Greg Reeves
|
Batting: LHB Juan Torres
|
0-0: DOUBLE (Line Drive, 8LXD)
|
Batting: RHB Frank Martínez
|
0-0: Ground out 5-3 (Groundball, 56)
|
Batting: LHB Javier Martínez
|
0-0: Foul Ball, location: 2F 0-1: Ball 1-1: Swinging Strike 1-2: Foul Ball, location: 2F 1-2: Ball 2-2: Strikes out swinging
|
Batting: RHB Keith Jones
|
0-0: Called Strike 0-1: Ball 1-1: Ball 2-1: Ball 3-1: Ground out 4-3 (Groundball, 4)
|
Top of the 4th over - 0 run(s), 1 hit(s), 0 error(s), 1 left on base; Santa Fe 2 - Wichita 1 |
BOTTOM OF THE 4TH |
Wichita Wranglers batting - Pitching for Santa Fe Diablos : RHP Orlando Cruz
|
Batting: RHB José López
|
0-0: Ball 1-0: Foul Ball, location: 2F 1-1: Ball 2-1: Ball 3-1: Foul Ball, location: 2F 3-2: Base on Balls
|
Batting: RHB Hubert MacDonald
|
0-0: Ball 1-0: Ball José López is caught stealing 2nd base 2-0: Called Strike 2-1: Foul Ball, location: 2F 2-2: Strikes out swinging
|
Batting: RHB Félix Gonzáles
|
0-0: Fly out, F9 (Flyball, 9LSF)
|
Bottom of the 4th over - 0 run(s), 0 hit(s), 0 error(s), 0 left on base; Santa Fe 2 - Wichita 1 |
TOP OF THE 5TH |
Santa Fe Diablos batting - Pitching for Wichita Wranglers : RHP Greg Reeves
|
Batting: LHB David Hernández
|
0-0: Ball 1-0: Foul Ball, location: 2F 1-1: Called Strike 1-2: Strikes out swinging
|
Batting: SHB Ángel Díaz
|
0-0: Ball 1-0: Ball 2-0: Foul Ball, location: 2F 2-1: Foul Ball, location: 2F 2-2: SOLO HOME RUN (Flyball, 89XD), Distance : 387 ft
|
Batting: RHB John Dinkins
|
0-0: Ball 1-0: Ball 2-0: SINGLE (Groundball, 4MD)
|
Batting: RHB Mike Martin
|
0-0: Ball 1-0: Fly out, F8 (Flyball, 8RM)
|
Batting: LHB Arturo Rodledo
|
0-0: Fielders Choice at 2nd, 6-4 (Groundball, 6)
|
Top of the 5th over - 1 run(s), 2 hit(s), 0 error(s), 0 left on base; Santa Fe 3 - Wichita 1 |
BOTTOM OF THE 5TH |
Wichita Wranglers batting - Pitching for Santa Fe Diablos : RHP Orlando Cruz
|
Batting: RHB Oliver Todd
|
0-0: Ball 1-0: Ball 2-0: Ball 3-0: Called Strike 3-1: SINGLE (Line Drive, 8LS)
|
Batting: RHB Travis Ezell
|
0-0: Ball Oliver Todd is caught stealing 2nd base 1-0: Ball 2-0: Reached on error, E6 (Groundball, 6)
|
Batting: LHB Al Miller
|
0-0: Ball 1-0: Ball 2-0: Called Strike 2-1: Foul Ball, location: 2F 2-2: Foul Ball, location: 2F 2-2: Foul Ball, location: 2F 2-2: Foul Ball, location: 2F 2-2: Ground out 5-3 (Groundball, 56)
|
Batting: RHB Jorge Barbosa
|
0-0: Called Strike 0-1: Foul Ball, location: 2F 0-2: Ball 1-2: Ball 2-2: Foul Ball, location: 2F 2-2: Hit by Pitch
|
Batting: LHB Richard Hinkle
|
0-0: Fly out, F9 (Flyball, 9D)
|
Bottom of the 5th over - 0 run(s), 1 hit(s), 1 error(s), 2 left on base; Santa Fe 3 - Wichita 1 |
TOP OF THE 6TH |
Santa Fe Diablos batting - Pitching for Wichita Wranglers : RHP Greg Reeves
|
Batting: LHB Juan Torres
|
0-0: Ball 1-0: Foul Ball, location: 2F 1-1: Foul Ball, location: 2F 1-2: Ball 2-2: Foul Ball, location: 2F 2-2: SINGLE (Flyball, 89S)
|
Batting: RHB Frank Martínez
|
0-0: Ball 1-0: Ball 2-0: Ball 3-0: Base on Balls Juan Torres to second
|
Batting: LHB Javier Martínez
|
0-0: Swinging Strike 0-1: Ball 1-1: Ball 2-1: Foul Ball, location: 2F 2-2: Ball 3-2: Strikes out looking
|
Batting: RHB Keith Jones
|
0-0: Ball 1-0: Foul Ball, location: 2F 1-1: Ball 2-1: Ball 3-1: Grounds into double play, 4-6-3 (Groundball, 34)
|
Top of the 6th over - 0 run(s), 1 hit(s), 0 error(s), 1 left on base; Santa Fe 3 - Wichita 1 |
BOTTOM OF THE 6TH |
Wichita Wranglers batting - Pitching for Santa Fe Diablos : RHP Orlando Cruz
|
Batting: RHB Gabriel Erwin
|
0-0: Ball 1-0: Ball 2-0: Ball 3-0: Base on Balls
|
Batting: RHB José López
|
0-0: Ball 1-0: Ball 2-0: Called Strike 2-1: Grounds into double play, 5-4-3 (Groundball, 5L)
|
Batting: RHB Hubert MacDonald
|
0-0: Ball 1-0: Swinging Strike 1-1: Foul Ball, location: 2F 1-2: Strikes out swinging
|
Bottom of the 6th over - 0 run(s), 0 hit(s), 0 error(s), 0 left on base; Santa Fe 3 - Wichita 1 |
TOP OF THE 7TH |
Santa Fe Diablos batting - Pitching for Wichita Wranglers : RHP Greg Reeves
|
Pitching: LHP Jeff Jackson
|
|
Batting: LHB David Hernández
|
0-0: Foul Ball, location: 2F 0-1: Fly out, F3 (Line Drive, 34)
|
Batting: SHB Ángel Díaz
|
0-0: Called Strike 0-1: Called Strike 0-2: Foul Ball, location: 2F 0-2: Ball 1-2: Strikes out swinging
|
Batting: RHB John Dinkins
|
0-0: Ball 1-0: Foul Ball, location: 2F 1-1: Called Strike 1-2: Ball 2-2: Fly out, F4 (Flyball, 4MD)
|
Top of the 7th over - 0 run(s), 0 hit(s), 0 error(s), 0 left on base; Santa Fe 3 - Wichita 1 |
BOTTOM OF THE 7TH |
Wichita Wranglers batting - Pitching for Santa Fe Diablos : RHP Orlando Cruz
|
Pitching: RHP Tomás Rodríguez
|
|
Batting: RHB Félix Gonzáles
|
0-0: Ball 1-0: Called Strike 1-1: Ground out U3 (Groundball, 34)
|
Batting: RHB Oliver Todd
|
0-0: Ball 1-0: Ball 2-0: Ball 3-0: Called Strike 3-1: Swinging Strike 3-2: SINGLE (Line Drive, 78S)
|
Batting: RHB Travis Ezell
|
0-0: Ball 1-0: Ball 2-0: Called Strike 2-1: Ball 3-1: Base on Balls Oliver Todd to second
|
Batting: LHB Al Miller
|
0-0: Called Strike 0-1: Foul Ball, location: 2F 0-2: 3-RUN HOME RUN (Flyball, 8LXD), Distance : 410 ft
|
Pitching: RHP Joe King
|
|
Batting: RHB Jorge Barbosa
|
0-0: DOUBLE (Line Drive, 7LM)
|
Batting: LHB Richard Hinkle
|
0-0: Ball 1-0: Ball 2-0: Called Strike 2-1: Foul Ball, location: 2F 2-2: Ball 3-2: Base on Balls
|
Batting: RHB Gabriel Erwin
|
0-0: Called Strike 0-1: Ground out 5-3 (Groundball, 56) Jorge Barbosa to third Richard Hinkle to second
|
Pinch Hitting: LHB Milo Powers
|
0-0: Swinging Strike 0-1: Ball 1-1: Ball 2-1: Ball 3-1: Foul Ball, location: 2F 3-2: Base on Balls
|
Pinch Hitting: LHB Dudley Cooper
|
0-0: SINGLE (Groundball, 34D) Jorge Barbosa scores Richard Hinkle to third Milo Powers to second
|
Batting: RHB Félix Gonzáles
|
0-0: Ball 1-0: Ball 2-0: Ball 3-0: Called Strike 3-1: Base on Balls Richard Hinkle scores Milo Powers to third Dudley Cooper to second
|
Batting: RHB Oliver Todd
|
0-0: Swinging Strike 0-1: Ball 1-1: Ball 2-1: Foul Ball, location: 2F 2-2: Fielders Choice at 2nd, 5-4 (Groundball, 56)
|
Bottom of the 7th over - 5 run(s), 4 hit(s), 0 error(s), 2 left on base; Santa Fe 3 - Wichita 6 |
TOP OF THE 8TH |
Santa Fe Diablos batting - Pitching for Wichita Wranglers : LHP Jeff Jackson
|
Now at 1B: Dudley Cooper
|
|
Now in RF: Milo Powers
|
|
Batting: RHB Mike Martin
|
0-0: SINGLE (Flyball, 8LS)
|
Batting: LHB Arturo Rodledo
|
0-0: Called Strike 0-1: Called Strike 0-2: Strikes out looking
|
Batting: LHB Juan Torres
|
0-0: Ball 1-0: Ball 2-0: Foul Ball, location: 2F 2-1: Reached on error, E1 (Groundball, 13S) Mike Martin to second
|
Batting: RHB Frank Martínez
|
0-0: Ball 1-0: Called Strike 1-1: Ground out 5-3 (Groundball, 56S) Mike Martin to third Juan Torres to second
|
Batting: LHB Javier Martínez
|
0-0: DOUBLE (Flyball, 7) Mike Martin scores Juan Torres scores
|
Batting: RHB Keith Jones
|
0-0: Foul Ball, location: 2F 0-1: Foul Ball, location: 2F 0-2: Foul Ball, location: 2F 0-2: SINGLE (Groundball, 56D) Javier Martínez to third Runner from 3rd tries for Home, SAFE, no throw
|
Pitching: LHP Fred Villa
|
|
Pinch Hitting: SHB Tex White
|
0-0: Ball 1-0: Ball 2-0: Called Strike 2-1: Ball 3-1: SINGLE (Line Drive, 4D) Keith Jones to second
|
Pinch Hitting: RHB Gerald Johnson
|
0-0: Ball 1-0: Swinging Strike 1-1: Ball 2-1: Ball 3-1: Base on Balls Keith Jones to third Tex White to second
|
Batting: RHB John Dinkins
|
0-0: Ball 1-0: Called Strike 1-1: Called Strike 1-2: Strikes out looking
|
Top of the 8th over - 3 run(s), 4 hit(s), 1 error(s), 3 left on base; Santa Fe 6 - Wichita 6 |
BOTTOM OF THE 8TH |
Wichita Wranglers batting - Pitching for Santa Fe Diablos : RHP Joe King
|
Now at 2B: Gerald Johnson
|
|
Now in RF: Chris Deem
|
|
Pinch Hitting: RHB Ricardo Velásquez
|
0-0: Swinging Strike 0-1: Ground out 5-3 (Groundball, 56S)
|
Batting: LHB Al Miller
|
0-0: Foul Ball, location: 2F 0-1: Ball 1-1: Ball 2-1: Ball 3-1: Foul Ball, location: 2F 3-2: Base on Balls
|
Batting: RHB Jorge Barbosa
|
0-0: Ball 1-0: Called Strike 1-1: Foul Ball, location: 2F 1-2: Ball 2-2: Ball 3-2: Base on Balls Al Miller to second
|
Batting: LHB Richard Hinkle
|
0-0: Ball 1-0: DOUBLE (Line Drive, 9LM) Al Miller scores Jorge Barbosa to third
|
Pitching: RHP Manuel Zarate
|
|
Batting: RHB Gabriel Erwin
|
0-0: Called Strike 0-1: Ball 1-1: Ball 2-1: Ground out 6-3 (Groundball, 6)
|
Batting: LHB Milo Powers
|
0-0: Ball 1-0: Ball 2-0: Foul Ball, location: 2F 2-1: Foul Ball, location: 2F 2-2: Foul Ball, location: 2F 2-2: Ground out 4-3 (Groundball, 4)
|
Bottom of the 8th over - 1 run(s), 1 hit(s), 0 error(s), 2 left on base; Santa Fe 6 - Wichita 7 |
TOP OF THE 9TH |
Santa Fe Diablos batting - Pitching for Wichita Wranglers : LHP Fred Villa
|
Pitching: RHP Todd Brewster
|
|
Now at 2B: Lewis Woods
|
|
Now at SS: Jesús Ramos
|
|
Pinch Hitting: LHB John Bond
|
0-0: Called Strike 0-1: Foul Ball, location: 2F 0-2: Strikes out swinging
|
Batting: LHB Arturo Rodledo
|
0-0: Foul Ball, location: 2F 0-1: Swinging Strike 0-2: Ball 1-2: Ball 2-2: Ball 3-2: Base on Balls
|
Batting: LHB Juan Torres
|
0-0: Called Strike 0-1: Swinging Strike 0-2: Ball 1-2: Foul Ball, location: 2F 1-2: Ball 2-2: Foul Ball, location: 2F 2-2: Strikes out looking
|
Batting: RHB Frank Martínez
|
0-0: Called Strike 0-1: Ball 1-1: Foul Ball, location: 2F 1-2: Fielders Choice at 2nd, 4-6 (Groundball, 4)
|
Top of the 9th over - 0 run(s), 0 hit(s), 0 error(s), 0 left on base; Santa Fe 6 - Wichita 7 |
|